 Dungeon Crawl Stone Soup version 0.30-a0-728-gc68057be0a (webtiles) character file.

Game seed: 11713354923403602098

4767 Hiru the Geomancer (level 10, -1/77 HPs)
             Began as a Formicid Earth Elementalist on Jan 30, 2023.
             Was a Priest of Okawaru.
             Killed by nerve-wracking pain
             ... invoked by an orc priest
              (12 damage)
             ... on level 8 of the Dungeon.
             The game lasted 00:36:57 (8725 turns).

Hiru the Geomancer (Formicid Earth Elementalist)    Turns: 8725, Time: 00:36:58

Health: -1/77      AC:  5    Str: 13    XL:     10   Next: 75%
Magic:  7/13       EV:  9    Int: 19    God:    Okawaru [***...]
Gold:   353        SH: 11    Dex: 14    Spells: 8/13 levels left

rFire   . . .      SeeInvis +    v - +0 battleaxe
rCold   . . .      Faith    .    g - +0 kite shield
rNeg    . . .      Spirit   .    b - +0 ring mail
rPois   .          Reflect  .    (helmet unavailable)
rElec   .          Harm     .    (no cloak)
rCorr   .          Rampage  .    (no gloves)
Will    +....                    (no boots)
Stlth   +                        (no amulet)
HPRegen 0.32/turn                (no ring)
MPRegen 0.13/turn                (no ring)

@: no status effects
A: permanent stasis, dig shafts and tunnels, antennae 3, four strong arms
a: Dig, Shaft Self, Renounce Religion, Heroism


You were on level 8 of the Dungeon.
You worshipped Okawaru.
Okawaru was most pleased with you.
You visited 2 branches of the dungeon, and saw 9 of its levels.

You collected 353 gold pieces.

Inventory:

Hand Weapons
 v - a +0 battleaxe (weapon)
Missiles
 j - 2 throwing nets (quivered)
Armour
 b - a +0 ring mail (worn)
 g - a +0 kite shield (worn)
 q - a +0 scale mail
Jewellery
 u - a ring of positive energy
 x - a ring of positive energy
Wands
 y - a wand of light (15)
Scrolls
 c - 2 scrolls of blinking {unknown}
 d - 7 scrolls of teleportation
 l - 4 scrolls of magic mapping {unknown}
 m - a scroll of brand weapon {unknown}
 p - a scroll of fog
 r - a scroll of vulnerability {unknown}
 s - 3 scrolls of enchant armour {unknown}
 t - 3 scrolls of identify {unknown}
Potions
 a - 2 potions of might {unknown}
 e - a potion of flight {unknown}
 f - a potion of haste {unknown}
 h - 2 potions of degeneration {unknown}
 i - 2 potions of berserk rage {unknown}
 k - 7 potions of curing {unknown}
 n - 3 potions of lignification {unknown}
 o - a potion of attraction {unknown}
 w - a potion of mutation {unknown}
 z - a potion of magic


   Skills:
 + Level 6.5 Fighting
 * Level 8.3 Axes
 - Level 4.0 Armour
 - Level 1.7 Dodging
 - Level 2.4 Stealth
 + Level 8.6 Shields
 - Level 2.1 Spellcasting
 - Level 1.1 Transmutations
 + Level 10.0 Earth Magic


You had 8 spell levels left.
You knew the following spells:

 Your Spells              Type           Power      Damage    Failure   Level
a - Sandblast             Erth           80%        2d17      1%          1
b - Petrify               Tmut/Erth      23%        N/A       54%         4

Your spell library contained the following spells:

 Spells                   Type           Power      Damage    Failure   Level
 Passwall                 Tmut/Erth      19%        N/A       10%         2
 Stone Arrow              Conj/Erth      42%        3d9       26%         3
 Sting                    Tmut/Pois      16%        1d3       45%         1
 Magic Dart               Conj           8%         1d3       54%         1
 Leda's Liquefaction      Hex/Erth       10%        N/A       63%         4
 Poisonous Vapours        Pois/Air       4%         N/A       69%         2
 Static Discharge         Conj/Air       4%         2-3/arc   69%         2
 Mephitic Cloud           Conj/Pois/Air  2%         N/A       89%         3
 Portal Projectile        Hex/Tloc       4%         N/A       89%         3
 Vhi's Electric Charge    Tloc/Air       4%         N/A       89%         3
 Olgreb's Toxic Radiance  Pois           2%         N/A       100%        4
 Arcjolt                  Conj/Air       1%         1d11      100%        5
 Lightning Bolt           Conj/Air       1%         1d12      100%        5
 Call Imp                 Summ           Unusable   N/A       N/A         2
 Call Canine Familiar     Summ           Unusable   N/A       N/A         3

Dungeon Overview and Level Annotations

Branches:
Dungeon (8/15)             Temple (1/1) D:4
   Lair: D:8-11

Altars:
Cheibriados
Dithmenos
Elyvilon
Fedhas
Gozag
Hepliaklqana
Kikubaaqudgha
Makhleb
Nemelex Xobeh
Okawaru
Qazlal
Trog
Uskayaw
Vehumet
Wu Jian
Xom
Yredelemnul
Zin
The Shining One

Shops:
D:2 *   D:3 [


Innate Abilities, Weirdness & Mutations

You cannot be hasted, slowed, berserked, paralysed or teleported.
You can dig through walls and to a lower floor.
You have a pair of large antennae on your head. (SInv)
Your four strong arms can wield two-handed weapons with a shield.


Message History

You barely miss the orc priest.
The orc priest is heavily wounded.
You closely miss the orc priest.
The orc priest is heavily wounded.
You feel like a meek peon again.
The orc priest hits you but does no damage.
You hit the orc priest.
The orc priest is severely wounded.
You hit the orc. The orc hits you with a +0 dagger.
The orc priest barely misses you.
You hit the orc priest but do no damage.
The orc priest is severely wounded.
You closely miss the orc.
You hear a shout!
The orc hits you with a +0 dagger.
The orc priest calls upon Beogh to heal the orc.
The orc's wounds heal themselves!
You block the orc's attack. You block the orc priest's attack.
You closely miss the orc priest.
The orc priest is severely wounded.
You hit the orc. You block the orc's attack.
The orc priest mumbles some strange prayers to Beogh against you.
Beogh smites you!
* * * LOW HITPOINT WARNING * * *
You barely miss the orc priest.
The orc priest is severely wounded.
You closely miss the orc. You block the orc's attack.
You block the orc priest's attack.
You barely miss the orc priest.
The orc priest is severely wounded.
You barely miss the orc. The orc hits you with a +0 dagger.
* * * LOW HITPOINT WARNING * * *
The orc priest hits you with a +0 falchion.
* * * LOW HITPOINT WARNING * * *
The orc hits you with a +0 dagger.
* * * LOW HITPOINT WARNING * * *
The orc priest closely misses you.
The orc priest mumbles some strange prayers to Beogh against you.
Pain shoots through your body!
You die...

.. ### { { .... {{
#.... ######.#.._.
#......#....
#.#.###o###..#....
.......oo# #.###'#
#.#.####@# ...... ...
#.# ....# #.# #.# #.#
###.# #.#.# #.# ##.## .
#.#.# #.# ##.#.## #
#.#.###.####.###.##.#
#.#.#.......## ##...#
###.#..........###.##.#
........#.###.#.#.## #


You could see an orc priest and 2 orcs.

Vanquished Creatures
  An unseen horror (D:4)
  A fire bat (D:5)
  2 wyverns
  5 yaks (D:8)
  A steam dragon (D:7)
  2 water moccasins
  3 orc warriors
  A sky beast (D:7)
  2 black bears
  4 ogres
  2 centaurs
  2 kobold brigands
  2 bullfrogs
  A necrophage (D:7)
  4 scorpions
  5 wights (D:8)
  A howler monkey (D:5)
  3 hounds
  7 orc priests
  A gnoll bouda (D:8)
  An iguana (D:6)
  2 jellies (D:3)
  10 orc wizards
  14 gnolls
  5 adders
  4 shadow imps
  2 white imps (D:6)
  2 ufetubi
  3 worms
  2 dart slugs (D:1)
  46 orcs
  6 bats
  12 endoplasms
  8 giant cockroaches
  4 goblins
  5 hobgoblins
  10 jackals
  16 kobolds
  3 quokkas
  9 ball pythons
  3 frilled lizards
  A spectral orc (D:4)
218 creatures vanquished.

Vanquished Creatures (others)
  An ufetubus (D:7)
  6 fungi (D:3)
  A plant (D:3)
  9 toadstools (D:3)
17 creatures vanquished.

Grand Total: 235 creatures vanquished

Notes
Turn   | Place    | Note
-------+----------+-------------------------------------------
     0 | D:1      | Hiru the Formicid Earth Elementalist began the quest for
                  | the Orb.
     0 | D:1      | Reached XP level 1. HP: 13/13 MP: 3/3
   144 | D:1      | Reached XP level 2. HP: 20/20 MP: 3/5
   165 | D:1      | Reached skill level 1 in Fighting
   214 | D:1      | Reached skill level 1 in Armour
   261 | D:1      | Reached skill level 4 in Earth Magic
   396 | D:1      | Reached XP level 3. HP: 24/26 MP: 6/6
   594 | D:1      | Found a faded altar of an unknown god.
  1196 | D:2      | Reached XP level 4. HP: 27/33 MP: 7/7
  1253 | D:2      | Found Riolufo's General Store.
  1940 | D:3      | Reached XP level 5. HP: 39/39 MP: 6/8
  2063 | D:3      | Reached skill level 5 in Earth Magic
  2168 | D:3      | Reached XP level 6. HP: 4/47 MP: 4/9
  2507 | D:3      | Found a blossoming altar of Fedhas.
  2889 | D:3      | Found Rogoneuk's Antique Armour Shoppe.
  2946 | D:4      | Found a staircase to the Ecumenical Temple.
  2954 | Temple   | Entered the Ecumenical Temple
  3141 | Temple   | Became a worshipper of Warmaster Okawaru
  3199 | D:4      | Reached XP level 7. HP: 13/53 MP: 2/10
  3303 | D:4      | Reached skill level 6 in Earth Magic
  3429 | D:4      | Reached skill level 1 in Axes
  3593 | D:4      | a scorpion changed into an unseen horror
  3593 | D:4      | Noticed an unseen horror
  3611 | D:4      | Killed an unseen horror
  3611 | D:4      | Reached * piety under Okawaru
  3612 | D:4      | Reached skill level 5 in Fighting
  3612 | D:4      | Reached skill level 7 in Earth Magic
  3612 | D:4      | Reached XP level 8. HP: 20/62 MP: 1/11
  4218 | D:4      | Found a basalt altar of Yredelemnul.
  4320 | D:5      | Entered Level 5 of the Dungeon
  4351 | D:5      | Learned a level 4 spell: Petrify
  4372 | D:5      | a centaur changed into a fire bat
  4372 | D:5      | Noticed a fire bat
  4384 | D:5      | Killed a fire bat
  5171 | D:5      | Found an ancient bone altar of Kikubaaqudgha.
  5226 | D:5      | Reached ** piety under Okawaru
  5281 | D:5      | Reached skill level 5 in Shields
  5281 | D:5      | Reached XP level 9. HP: 68/68 MP: 9/12
  5533 | D:5      | Found a burning altar of Makhleb.
  5535 | D:5      | Noticed a green death
  5701 | D:6      | Reached skill level 8 in Earth Magic
  6030 | D:6      | Reached skill level 5 in Axes
  6327 | D:6      | Found a white marble altar of Elyvilon.
  6955 | D:7      | Found a bloodstained altar of Trog.
  7005 | D:7      | Found a glowing golden altar of the Shining One.
  7072 | D:7      | Reached skill level 9 in Earth Magic
  7151 | D:7      | Reached XP level 10. HP: 43/74 MP: 11/13
  7755 | D:7      | Found a stormy altar of Qazlal.
  7787 | D:7      | Found a snail-covered altar of Cheibriados.
  8070 | D:8      | Reached *** piety under Okawaru
  8697 | D:8      | Found a hide-covered altar of Uskayaw.
  8710 | D:8      | Reached **** piety under Okawaru
  8711 | D:8      | Reached skill level 10 in Earth Magic
  8725 | D:8      | Killed from afar by an orc priest

Illustrated notes

Levels and vault maps discovered:
D:1:      psy_arrival_basics, layout_basic, nicolae_ecumenical_snake_handling
D:2:      layout_loops_cross, serial_shops, shop, solitary_fountain
D:3:      cheibrodos_fertilizer, layout_rooms, fedhas_altar_fruit_tree,
          serial_shops, nicolae_shop_overgrown_old_shop
D:4:      layout_cave_pools, yredelemnul_forgotten_temple_becter,
          minmay_temple_entry_glassed_door, kennysheep_decorative_pillar,
          kennysheep_generic_room_10
D:5:      layout_loops_ring, kennysheep_mini_moat, makhleb_altar_promises_db
D:6:      layout_loops_ring, elyvilon_altar_5, mrwooster_statue_mirror
D:7:      layout_cave_pools, tso_metal_star, slow_altar_2, marbit_many_paths,
          mainiacjoe_overflow_catwalk, kennysheep_generic_room_8
D:8:      layout_loops_ring, amcnicky_altar_gilded, gammafunk_ghost_hydra_chop
Temple:   chequers_temple_sunken

Skill      XL: |  1  2  3  4  5  6  7  8  9 10 |
---------------+-------------------------------+-----
Fighting       | 1 2 3 5 6 |  6.5
Armour         | 1 2 3 4 |  4.0
Earth Magic    | 4 5 7 9 10 | 10.0
Axes           | 2 4 6 8 |  8.3
Shields        | 5 7 8 |  8.6
Dodging        | |  1.7
Stealth        | |  2.4
Spellcasting   | |  2.1
Transmutations | |  1.1

Action                     |  1- 3 |  4- 6 |  7- 9 | 10-12 || total
---------------------------+-------+-------+-------+-------++-------
  Melee: Short sword       |    19 |       |    68 |     5 ||    92
         Dagger            |    58 |    83 |    43 |       ||   184
         War axe           |       |       |    80 |       ||    80
         Battleaxe         |       |       |       |   112 ||   112
  Throw: Throwing net      |       |       |     1 |     2 ||     3
   Cast: Sandblast         |    15 |    69 |   108 |    42 ||   234
 Invoke: Heroism           |       |       |     4 |     3 ||     7
Ability: Dig               |       |     3 |       |       ||     3
  Evoke: Wand              |       |       |     4 |       ||     4
    Use: Potion            |       |     5 |     2 |       ||     7
         Scroll            |       |       |     5 |     1 ||     6
   Stab: Sleeping          |     3 |     4 |       |       ||     7
         Distracted        |       |     1 |       |       ||     1
 Armour: Robe              |     7 |    13 |       |       ||    20
         Ring mail         |       |    27 |    84 |    28 ||   139
  Dodge: Dodged            |    45 |    75 |   130 |    60 ||   310
  Block: Kite shield       |    33 |    47 |   166 |    84 ||   330

Table legend: (Time is in decaauts)
 A = Elapsed time spent in this place.
 B = Non-inter-level travel time spent in this place.
 C = Inter-level travel time spent in this place.
 D = Time resting spent in this place.
 E = Time spent auto-exploring this place.
 F = Levels seen in this place.
 G = Mean time per level.
                   A        B        C        D        E       F      G
               +--------+--------+--------+--------+--------+-----+--------+
         Total |   8995 |   8802 |    193 |   1526 |   5371 |   9 |  999.4 |
       Dungeon |   8753 |   8583 |    170 |   1526 |   5161 |   8 | 1094.1 |
        Temple |    241 |    218 |     23 |      0 |    210 |   1 |  241.0 |
               +--------+--------+--------+--------+--------+-----+--------+

Top non-repeatable levels by time:
     D:6: 1412 daAuts
     D:3: 1302 daAuts
     D:5: 1289 daAuts
     D:4: 1222 daAuts
     D:7: 1134 daAuts
     D:1: 917 daAuts
     D:2: 767 daAuts
     D:8: 707 daAuts
  Temple: 241 daAuts
